 Dungeon Crawl Stone Soup version 0.15-a0-481-g5350d32 (webtiles) character file.

86 Infinimo the Shooter (level 4, -1/35 HPs)
             Began as a Centaur Hunter on May 7, 2014.
             Killed from afar by an orc wizard (6 damage)
             ... with a puff of flame
             ... on Level 3 of the Dungeon on May 8, 2014.
             The game lasted 00:03:40 (2637 turns).

Infinimo the Shooter (Centaur Hunter)               Turns: 2637, Time: 00:03:41

HP  -1/35        AC  4     Str 14      XL: 4   Next: 26%
MP   3/3         EV  9     Int 10      God:
Gold 150         SH  0     Dex 11      Spells:  0 memorised,  3 levels left

rFire  . . .     SeeInvis .     p - +3,+1 whip
rCold  . . .     Clarity  .     d - +0 leather armour
rNeg   . . .     Conserve .     (no shield)
rPois  .         rCorr    .     (no helmet)
rElec  .         rRot     .     (no cloak)
SustAb + .       Spirit   .     (no gloves)
rMut   .         Warding  .     (no barding)
Saprov . . .     Stasis   .     (no amulet)
MR     .....                    (no ring)
                                o - ring of sustain abilities

@: lethally poisoned, very quick, not resistant to hostile enchantments, very
unstealthy
A: hooves 3, deformed body, herbivore 1, speed 2, fast metabolism 1, tough skin
3
a: no special abilities


You were on level 3 of the Dungeon.
You were hungry.

You visited 1 branch of the dungeon, and saw 3 of its levels.

You collected 150 gold pieces.

Inventory:

Hand weapons
 a - a +0,+0 short sword
 b - a +1,+1 shortbow
 p - a +3,+1 whip (weapon)
Missiles
 c - 61 arrows
Armour
 d - a +0 leather armour (worn)
Comestibles
 f - 3 bread rations
 i - a cheese
 q - a choko
Scrolls
 e - 2 scrolls of remove curse
 g - 2 scrolls of identify
Jewellery
 l - an uncursed amulet of stasis
 o - a ring of sustain abilities (left hand)
Potions
 h - a potion of might
 j - 2 potions of poison
 k - a potion of haste {unknown}
 m - a potion of brilliance {unknown}
 n - a potion of curing


   Skills:
 - Level 1.0 Fighting
 - Level 1.5 Short Blades
 + Level 0.3 Maces & Flails
 * Level 7.0 Bows
 - Level 1.3 Dodging
 - Level 0.5 Stealth


You had 3 spell levels left.
You didn't know any spells.

Dungeon Overview and Level Annotations

Branches:
Dungeon (3/15)

Altars:


Innate Abilities, Weirdness & Mutations

You have hooves in place of feet.
Armour fits poorly on your strangely shaped body.
You digest meat inefficiently.
You cover ground very quickly.
You have a fast metabolism.
You have extremely tough skin (AC +3).


Message History

You hit something but do no damage. Something hits you.
You hear some strange, mumbled words.
The puff of flame hits you! Something hits you.
You hit something but do no damage. You kick something. Something hits you.
You kick something. Something hits you.
You hear some strange, mumbled words.
Something tries to affect you, but you resist.
You hear some strange, mumbled words.
The magic dart hits you!
* * * LOW HITPOINT WARNING * * *
Drink which item? (? for menu, Esc to quit)
That liquid tasted very nasty...
You are lethally poisoned!
It was a potion of poison.
* * * LOW HITPOINT WARNING * * *
You feel sick.
You hear some strange, mumbled words.
The puff of flame hits you!
You die...

. #.# #.# #.# #.# #
#.# # ####. #.#.#
.......##.#.# ..
......o)@...# ..
......###.#.#
####.##########.#.#
.......##........#.#
#.......##.########.#
#.......##.### ####.#
#.......##.#.. ..#.#
#..........#.# #.#.#
######..####.####.#.#


You could see an orc.

Vanquished Creatures
  The ghost of Infinimo the Shooter, a weakling CeHu (D:3)
  2 adders (D:2)
  A giant mite (D:1)
  A giant gecko (D:1)
  An orc (D:3)
  4 giant cockroaches
  6 hobgoblins
  7 kobolds
  A quokka (D:2)
  A ball python (D:2)
  6 bats
  2 giant newts
  2 goblins
  6 rats
41 creatures vanquished.

Notes
Turn   | Place    | Note
--------------------------------------------------------------
     0 | D:1      | Infinimo, the Centaur Hunter, began the quest for the Orb.
     0 | D:1      | Reached XP level 1. HP: 16/16 MP: 1/1
   799 | D:1      | Reached XP level 2. HP: 18/23 MP: 2/2
  1025 | D:1      | Reached skill level 1 in Short Blades
  1287 | D:1      | Reached skill level 6 in Bows
  1712 | D:2      | Reached XP level 3. HP: 26/28 MP: 3/3
  2423 | D:3      | Noticed Infinimo's ghost (weakling CeHu)
  2451 | D:3      | Killed Infinimo's ghost
  2451 | D:3      | Reached XP level 4. HP: 21/35 MP: 3/3
  2591 | D:3      | Reached skill level 7 in Bows
  2637 | D:3      | Killed from afar by an orc wizard

Action                   |  1- 3 |  4- 6 || total
-------------------------+-------+-------++-------
Melee: Short sword       |   105 |       ||   105
       Whip              |    18 |    22 ||    40
 Fire: Shortbow          |    25 |       ||    25
  Use: Scroll            |     5 |       ||     5
       Potion            |     2 |     1 ||     3
